 Dungeon Crawl Stone Soup version 0.31-a0-1019-g3dd9dd1025 (webtiles) character file.

Game seed: 16147113572936057035

331 Gumption the Chopper (level 6, -1/56 HPs)
             Began as a Hill Orc Monk on Nov 17, 2023.
             Slain by Pikel
             ... wielding a +0 whip of freezing
              (2 damage)
             ... on level 4 of the Dungeon.
             The game lasted 00:15:08 (2771 turns).

Gumption the Chopper (Hill Orc Monk)                Turns: 2771, Time: 00:15:09

Health: -1/56      AC: 13    Str: 16    XL:     6   Next: 52%
Magic:  6/6        EV:  5    Int: 10    God:
Gold:   116        SH:  0    Dex: 13    Spells: 5/5 levels left

rFire   . . .        a - +0 hand axe
rCold   . . .        d - orb {light}
rNeg    . . .        b - +0 plate armour
rPois   .            p - +0 helmet
rElec   .            (no cloak)
rCorr   .            (no gloves)
SInv    .            r - +0 pair of boots
Will    .....        (no amulet) Stlth
                     o - ring of flight
HPRegen 0.29/turn    (no ring)
MPRegen 0.10/turn

%: no passive effects
@: flying, glowing
A: no striking features
a: no special abilities


You were on level 4 of the Dungeon.
You visited 1 branch of the dungeon, and saw 4 of its levels.

You collected 116 gold pieces.

Inventory:

Hand Weapons
 a - a +0 hand axe (weapon)
Missiles
 f - 33 stones
 l - 3 poisoned darts (quivered)
Armour
 b - a +0 plate armour (worn)
 d - an orb of light (worn)
 k - a +0 ring mail
 p - a +0 helmet (worn)
 r - a +0 pair of boots (worn)
Jewellery
 o - a ring of flight (left hand)
Scrolls
 e - a scroll of enchant weapon {unknown}
 g - a scroll of torment {unknown}
 h - 4 scrolls of identify {unknown}
 j - 3 scrolls of teleportation {unknown}
 m - a scroll of enchant armour {unknown}
 n - a scroll of silence {unknown}
Potions
 c - 2 potions of ambrosia
 i - 3 potions of invisibility {unknown}
 q - 2 potions of curing {unknown}
 s - a potion of attraction {unknown}


   Skills:
 + Level 5.2 Fighting
 * Level 7.2 Axes
 + Level 3.2 Armour
 - Level 2.4 Dodging


You had 5 spell levels left.
You didn't know any spells.
Your spell library contained the following spells:

 Spells                   Type           Power      Damage    Failure   Level
 Summon Forest            Summ/Tloc      0%         N/A       100%        5
 Summon Mana Viper        Hex/Summ       0%         N/A       100%        5
 Summon Cactus Giant      Summ           0%         N/A       100%        6


Dungeon Overview and Level Annotations

Branches:
Dungeon (3/15)

Altars:
Nemelex Xobeh

Annotations:
D:4 Pikel


Message History

Pikel is severely wounded.
Pikel hits you but does no damage.
You hit Pikel.
Pikel is severely wounded.
Pikel looks more healthy.
Pikel hits you but does no damage.
You hit Pikel.
Pikel is almost dead.
Pikel hits you but does no damage.
You closely miss Pikel.
Pikel is almost dead.
Pikel hits you with a +0 whip of freezing.
* * * LOW HITPOINT WARNING * * *
Pikel freezes you.
* * * LOW HITPOINT WARNING * * *
You closely miss Pikel.
Pikel is almost dead.
Pikel hits you but does no damage.
You hit Pikel but do no damage.
Pikel is almost dead.
Pikel hits you with a +0 whip of freezing.
* * * LOW HITPOINT WARNING * * *
Pikel freezes you.
* * * LOW HITPOINT WARNING * * *
You hit Pikel but do no damage.
Pikel is almost dead.
Pikel hits you with a +0 whip of freezing.
* * * LOW HITPOINT WARNING * * *
Pikel freezes you.
* * * LOW HITPOINT WARNING * * *
You closely miss Pikel.
Pikel is almost dead.
Pikel hits you with a +0 whip of freezing.
* * * LOW HITPOINT WARNING * * *
Pikel freezes you.
* * * LOW HITPOINT WARNING * * *
You hit Pikel but do no damage.
Pikel is almost dead.
Pikel hits you with a +0 whip of freezing.
You die...
Pikel says, "Another soul for the market."

#..).......#..#####
#.#.#.####.........
#.....# ##.#.####
#.#.### #.# #
#.#.#######.#
##.#.##......#
##.#..##.###### ..
#.###5##.# #..
##.#...#@# #.#
##..#.#K# ## #.#
##.#.#5# #.# #.#
#.#.#5# #.# #.#
#.#.#5#
###.##.######
#.#.#(#
##............
#.#.#.(
........######
#.#...$ ....###.#
#.# ## #.#


You could see Pikel and 3 lemures.

Vanquished Creatures
  An ogre (D:4)
  A lemure (D:4)
  A scorpion (D:4)
  A hound (D:4)
  A sleepcap (D:4)
  An iguana (D:4)
  Robin (D:2)
  A gnoll (D:1)
  2 adders
  3 dart slugs
  4 ball pythons
  A bat (D:1)
  4 endoplasms
  2 giant cockroaches
  13 goblins
  4 hobgoblins
  11 jackals
  7 kobolds
  A quokka (D:1)
  A frilled lizard (D:1)
  2 rats
63 creatures vanquished.

Notes
Turn   | Place    | Note
-------+----------+-------------------------------------------
     0 | D:1      | Gumption the Hill Orc Monk began the quest for the Orb.
     0 | D:1      | Reached XP level 1. HP: 19/19 MP: 1/1
    29 | D:1      | Reached XP level 2. HP: 13/27 MP: 2/2
   412 | D:1      | Reached skill level 1 in Armour
   412 | D:1      | Reached XP level 3. HP: 18/33 MP: 3/3
  1086 | D:2      | Reached skill level 5 in Axes
  1220 | D:2      | Noticed Robin
  1294 | D:2      | Killed Robin
  1295 | D:2      | Reached XP level 4. HP: 35/40 MP: 4/4
  1693 | D:2      | Found a faded altar of an unknown god.
  1986 | D:3      | You are sucked into a shaft and drop 1 floor!
  2014 | D:4      | Reached XP level 5. HP: 35/47 MP: 5/5
  2098 | D:4      | Reached skill level 6 in Axes
  2115 | D:4      | Noticed an ogre
  2136 | D:4      | Killed an ogre
  2137 | D:4      | Reached skill level 5 in Fighting
  2137 | D:4      | Reached XP level 6. HP: 8/56 MP: 6/6
  2337 | D:4      | Reached skill level 7 in Axes
  2342 | D:4      | Found a sparkling altar of Nemelex Xobeh.
  2741 | D:4      | Noticed Pikel
  2770 | D:4      | HP: 2/56 [Pikel/+0 whip of freezing (5)]
  2771 | D:4      | Slain by Pikel

Illustrated notes

Levels and vault maps discovered:
D:1:      mrwooster_arrival_arrow, layout_loops_ring
D:2:      layout_loops_ring, basic_ecumenical_altar, uniq_robin
D:3:      layout_loops_ring, fedhas_altar_4
D:4:      layout_loops_ring, minmay_ruined_shrine, uniq_pikel

Skill      XL: |  1  2  3  4  5  6 |
---------------+-------------------+-----
Fighting       | 4 5 |  5.2
Armour         | 1 2 3 |  3.2
Axes           | 5 6 7 |  7.2
Dodging        | |  2.4

Action                     |  1- 3 |  4- 6 || total
---------------------------+-------+-------++-------
  Melee: Hand axe          |    99 |   127 ||   226
  Throw: Dart              |       |    10 ||    10
 Armour: Robe              |    14 |       ||    14
         Ring mail         |    13 |       ||    13
         Plate armour      |    50 |    99 ||   149
  Dodge: Dodged            |    25 |    20 ||    45

Table legend: (Time is in decaauts)
 A = Elapsed time spent in this place.
 B = Non-inter-level travel time spent in this place.
 C = Inter-level travel time spent in this place.
 D = Time resting spent in this place.
 E = Time spent auto-exploring this place.
 F = Levels seen in this place.
 G = Mean time per level.
                   A        B        C        D        E       F      G
               +--------+--------+--------+--------+--------+-----+--------+
         Total |   2774 |   2774 |      0 |    511 |    444 |   4 |  693.5 |
       Dungeon |   2774 |   2774 |      0 |    511 |    444 |   4 |  693.5 |
               +--------+--------+--------+--------+--------+-----+--------+

Top non-repeatable levels by time:
     D:1: 948 daAuts
     D:2: 939 daAuts
     D:4: 782 daAuts
     D:3: 104 daAuts
